 Dungeon Crawl Stone Soup version 0.27-a0-1301-g128193abf8 (webtiles) character file.

Game seed: 12923789009879018977

39 Johnny the Digger (level 3, -2/20 HPs)
             Began as a Deep Elf Earth Elementalist on June 17, 2021.
             Slain by a phantom (5 damage)
             ... on level 3 of the Dungeon.
             The game lasted 00:01:15 (2728 turns).

Johnny the Digger (Deep Elf Earth Elementalist)     Turns: 2728, Time: 00:01:15

Health: -2/20      AC:  2    Str:  5    XL:     3   Next: 28%
Magic:  7/10       EV: 12    Int: 20    God:
Gold:   101        SH:  0    Dex: 15    Spells: 8/9 levels left

rFire    . . .     SeeInvis .   k - +1 dagger (drain)
rCold    . . .     Faith    .   (no shield)
rNeg     . . .     Spirit   .   b - +0 robe
rPois    +         Reflect  .   (no helmet)
rElec    .         Harm     .   (no cloak)
rCorr    .         Rampage  .   (no gloves)
Will     .....                  (no boots)
Stlth    ++........             (no amulet)
HPRegen  0.06/turn              g - ring of poison resistance
MPRegen  0.12/turn              (no ring)

@: no status effects
A: no striking features
a: no special abilities


You were on level 3 of the Dungeon.
You visited 1 branch of the dungeon, and saw 3 of its levels.

You collected 101 gold pieces.

Inventory:

Hand Weapons
 i - a +2 dagger of speed
 k - a +1 dagger of draining (weapon)
Missiles
 c - 37 stones
Armour
 b - a +0 robe (worn)
Jewellery
 g - a ring of poison resistance (left hand)
 n - a +6 ring of dexterity
 o - a ring of protection from fire
Scrolls
 h - a scroll of amnesia {unknown}
 j - a scroll of enchant armour {unknown}
 m - a scroll of identify {unknown}
 r - a scroll of enchant weapon {unknown}
Potions
 a - 3 potions of brilliance {unknown}
 d - 2 potions of might {unknown}
 e - a potion of degeneration {unknown}
 f - a potion of berserk rage {unknown}
 l - 2 potions of curing {unknown}
 p - a potion of resistance {unknown}
 q - a potion of lignification {unknown}


   Skills:
 * Level 1.6 Fighting
 - Level 2.4 Dodging
 - Level 2.4 Stealth
 + Level 3.6 Spellcasting
 - Level 1.1 Transmutations
 + Level 3.7 Earth Magic


You had 8 spell levels left.
You knew the following spells:

 Your Spells              Type           Power      Damage    Failure   Level
a - Sandblast             Erth           36%        2d10      3%          1

Your spell library contained the following spells:

 Spells                   Type           Power      Damage    Failure   Level
 Passwall                 Tmut/Erth      10%        N/A       8%          2
 Stone Arrow              Conj/Erth      22%        3d8       19%         3
 Petrify                  Tmut/Erth      13%        N/A       43%         4
 Lee's Rapid Deconstruct  Erth           9%         3d8*      63%         5


Dungeon Overview and Level Annotations

Branches:
Dungeon (3/15)

Altars:


Message History

Found a leather armour.
Found 17 arrows.
l - 2 sedimented white potions (gained 1)
q - a fizzy silvery potion No target in view!
Found a stone staircase leading up.
You now have 101 gold pieces (gained 16).
You open the door.
There is an open door here.
r - a scroll labelled KEUMIPP CARU A phantom comes into view.
A rat comes into view.
The phantom hits you!
The phantom blinks!
You blink.
You barely miss the phantom. The phantom misses you.
Casting: Sandblast (safe; 3% risk of failure)
Confirm with . or Enter, or press ? or * to list all spells.
Aiming: Sandblast (safe; 3% risk of failure)
Press: ? - help, Shift-Dir - straight line, f - phantom
Aim: a phantom (71% to hit)
The blast of sand hits the phantom.
The phantom is lightly damaged.
The phantom hits you.
Casting: Sandblast (safe; 3% risk of failure)
Confirm with . or Enter, or press ? or * to list all spells.
Aiming: Sandblast (safe; 3% risk of failure)
Press: ? - help, Shift-Dir - straight line, f/p - phantom
Aim: a phantom (lightly damaged, 71% to hit)
The blast of sand hits the phantom.
The phantom is lightly damaged.
The phantom hits you.
* * * LOW HITPOINT WARNING * * *
Casting: Sandblast (safe; 3% risk of failure)
Confirm with . or Enter, or press ? or * to list all spells.
Aiming: Sandblast (safe; 3% risk of failure)
Press: ? - help, Shift-Dir - straight line, f/p - phantom
Aim: a phantom (lightly damaged, 71% to hit)
The blast of sand hits the phantom!
The phantom is heavily damaged.
The phantom hits you.
You die...

'#####..........#...........
.#########......#.......>...
.......##.......####'#######
..####.#........+..#.#
..####+#........##<#.#
............######.#'##
...#....#.............#
.................W....#
..##..........[.@.....####
..##..............#......#
..##....#.........##.....#
..##.............#.........
..#.......#...##.#.........
..#.......#...##.#.........
..#.....#...#....#........
#....##.###.####.......r
#.......# #.....########


You could see a phantom.

Vanquished Creatures
  An adder (D:2)
  3 bats
  3 endoplasms
  A giant cockroach (D:1)
  5 hobgoblins
  2 jackals (D:1)
  2 quokkas (D:1)
  3 ball pythons
  A frilled lizard (D:2)
  2 goblins (D:2)
  3 kobolds
  2 rats (D:1)
28 creatures vanquished.

Notes
Turn   | Place    | Note
-------+----------+-------------------------------------------
     0 | D:1      | Johnny the Deep Elf Earth Elementalist began the quest for
                  | the Orb.
     0 | D:1      | Reached XP level 1. HP: 10/10 MP: 6/6
   517 | D:1      | Reached XP level 2. HP: 16/16 MP: 6/8
   664 | D:1      | Reached skill level 1 in Fighting
   989 | D:1      | Found a faded altar of an unknown god.
  1679 | D:2      | Reached XP level 3. HP: 17/20 MP: 8/10
  2722 | D:3      | Noticed a phantom
  2728 | D:3      | Slain by a phantom

Illustrated notes

Levels and vault maps discovered:
D:1:      matt_arrival_grand_opening, layout_basic, basic_ecumenical_altar,
          item_on_display_a
D:2:      layout_loops_ring, kennysheep_generic_room_14
D:3:      layout_basic, minmay_cupped

Skill      XL: |  1  2 |
---------------+-------+-----
Fighting       | 1 |  1.6
Dodging        | |  2.4
Stealth        | |  2.4
Spellcasting   | |  3.6
Transmutations | |  1.1
Earth Magic    | |  3.7

Action                   || total
-------------------------++-------
Melee: Unarmed           ||    18
       Dagger            ||    33
 Cast: Sandblast         ||    31
 Stab: Sleeping          ||     6
Armor: Robe              ||     6
Dodge: Dodged            ||    40

Table legend: (Time is in decaauts)
 A = Elapsed time spent in this place.
 B = Non-inter-level travel time spent in this place.
 C = Inter-level travel time spent in this place.
 D = Time resting spent in this place.
 E = Time spent auto-exploring this place.
 F = Levels seen in this place.
 G = Mean time per level.
                   A        B        C        D        E       F      G
               +--------+--------+--------+--------+--------+-----+--------+
         Total |   2721 |   2684 |     37 |    165 |   2325 |   3 |  907.0 |
       Dungeon |   2721 |   2684 |     37 |    165 |   2325 |   3 |  907.0 |
               +--------+--------+--------+--------+--------+-----+--------+

Top non-repeatable levels by time:
     D:2: 1370 daAuts
     D:1: 1223 daAuts
     D:3: 127 daAuts
